 Dungeon Crawl Stone Soup version 0.27.0-1-g7a089689b8 (webtiles) character file.

Game seed: 3724143624254918967

41 SnakkuSnakku7 the Bolt Thrower (level 3, 0/26 HPs)
             Began as a Human Arcane Marksman on July 31, 2021.
             Succumbed to an adder's poison
             ... on level 2 of the Dungeon.
             The game lasted 00:01:40 (1513 turns).

SnakkuSnakku7 the Bolt Thrower (HuAM)               Turns: 1513, Time: 00:01:41

Health: 0/26       AC:  2    Str: 11    XL:     3   Next: 75%
Magic:  4/4        EV: 12    Int: 13    God:
Gold:   48         SH:  0    Dex: 13    Spells: 3/4 levels left

rFire    . . .     SeeInvis .   a - +0 hand crossbow
rCold    . . .     Faith    .   (no shield)
rNeg     . . .     Spirit   .   d - +0 robe
rPois    .         Reflect  .   (no helmet)
rElec    .         Harm     .   (no cloak)
rCorr    .         Rampage  .   (no gloves)
Will     +....                  (no boots)
Stlth    +.........             (no amulet)
HPRegen  0.08/turn              g - ring of willpower
MPRegen  0.09/turn              (no ring)

@: lethally poisoned (0 -> -4)
A: no striking features
a: no special abilities


You were on level 2 of the Dungeon.
You visited 1 branch of the dungeon, and saw 2 of its levels.

You collected 48 gold pieces.

Inventory:

Hand Weapons
 a - a +0 hand crossbow (weapon)
 b - a +0 short sword
Missiles
 c - 8 bolts (quivered ammo)
 k - 6 curare-tipped darts
Armour
 d - a +0 robe (worn)
 e - a +0 plate armour
Jewellery
 g - a ring of willpower (left hand)
Wands
 j - a wand of iceblast (4)
Scrolls
 f - 2 scrolls of noise {unknown}
 i - a scroll of vulnerability {unknown}
Potions
 h - a potion of curing


   Skills:
 - Level 1.0 Fighting
 + Level 3.8 Crossbows
 - Level 2.0 Dodging
 - Level 1.0 Spellcasting
 - Level 3.0 Hexes


You had 3 spell levels left.
You knew the following spells:

 Your Spells              Type           Power      Damage    Failure   Level
a - Corona                Hex            8%         N/A       9%          1

Your spell library contained the following spells:

 Spells                   Type           Power      Damage    Failure   Level
 Slow                     Hex            8%         N/A       12%         2
 Inner Flame              Hex/Fire       4%         N/A       41%         3
 Portal Projectile        Hex/Tloc       8%         N/A       41%         3
 Ignite Poison            Fire/Tmut/Pois 0%         N/A       63%         3
 Mephitic Cloud           Conj/Pois/Air  0%         N/A       63%         3
 Cause Fear               Hex            4%         N/A       63%         4
 Bolt of Magma            Conj/Fire/Erth 0%         4d4       100%        5


Dungeon Overview and Level Annotations

Branches:
Dungeon (2/15)

Altars:


Message History

The adder bites you.
You are poisoned.
The adder poisons you! The goblin closely misses you.
The adder closely misses you. The goblin hits you with a +0 dagger.
You feel sick.
You feel sick. The adder bites you but does no damage.
You feel sick.
You feel sick.
You are no longer poisoned.
The adder bites you.
You are poisoned.
The adder poisons you!
You feel sick.
You feel sick.
You feel sick. The adder misses you.
You feel sick.
You are too injured to fight recklessly!
Fire: 11 bolts
Press: ? - help, Q - select action, (/) - cycle Shift-Dir - straight line, f/p - adder
Aim: an adder (severely wounded, 44% to hit)
You shoot a bolt. The bolt closely misses the adder.
You feel sick.
You are no longer poisoned.
The adder bites you.
* * * LOW HITPOINT WARNING * * *
You are lethally poisoned!
The adder poisons you! The adder barely misses you.
Fire: 10 bolts
Press: ? - help, Q - select action, (/) - cycle Shift-Dir - straight line, f/p - adder
Aim: an adder (severely wounded, 44% to hit)
You shoot a bolt. The bolt barely misses the adder.
* * * LOW HITPOINT WARNING * * *
You feel sick. The adder closely misses you.
Fire: 9 bolts
Press: ? - help, Q - select action, (/) - cycle Shift-Dir - straight line, f/p - adder
Aim: an adder (severely wounded, 44% to hit)
You shoot a bolt.
The bolt hits the adder but does no damage.
The adder is severely wounded.
You die...

#.....# #.###.# #.#
#.#############
##+###............).
#..............####
#...........(.....(.
#.....########.##### ##
#####.########... ...
#(...gS@..........
....#.#†##############..
..........##### .
..............# #########
###..(........#
#.......### #...........#
#.......##. #..........[#
#.......##.
#..........)####.......##.
#..>........+..'.......'..


You could see an adder and a goblin.

Vanquished Creatures
  An adder (D:2)
  A worm (D:2)
  A dart slug (D:1)
  5 bats
  4 endoplasms (D:1)
  A giant cockroach (D:1)
  A goblin (D:1)
  4 jackals (D:1)
  A quokka (D:1)
  2 ball pythons
  2 kobolds (D:1)
  3 rats
26 creatures vanquished.

Vanquished Creatures (others)
  3 fungi (D:1)
  2 plants (D:1)
5 creatures vanquished.

Grand Total: 31 creatures vanquished

Notes
Turn   | Place    | Note
-------+----------+-------------------------------------------
     0 | D:1      | SnakkuSnakku7 the Human Arcane Marksman began the quest for
                  | the Orb.
     0 | D:1      | Reached XP level 1. HP: 15/15 MP: 2/2
   214 | D:1      | Reached XP level 2. HP: 21/21 MP: 3/3
   743 | D:1      | Reached XP level 3. HP: 26/26 MP: 4/4
   941 | D:1      | Found a faded altar of an unknown god.
  1513 | D:2      | Succumbed to an adder's poison

Illustrated notes

Levels and vault maps discovered:
D:1:      sevenhm_arrival_forest_fort_large_2, layout_basic,
          shapermc_ecumenical_altar_hornbeckon
D:2:      layout_basic, uniq_crazy_yiuf_cottage

Skill      XL: |  1  2 |
---------------+-------+-----
Crossbows      | 3 |  3.8
Fighting       | |  1.0
Dodging        | |  2.0
Spellcasting   | |  1.0
Hexes          | |  3.0

Action                   || total
-------------------------++-------
Melee: Short sword       ||    13
 Fire: Hand crossbow     ||    55
  Use: Potion            ||     1
Armor: Robe              ||    16
Dodge: Dodged            ||    29
